 Dungeon Crawl Stone Soup version 0.27-a0-328-g7f782ed93a (webtiles) character file.

Game seed: 16225314639634873604

54 wakim the Stinger (level 3, -1/21 HPs)
             Began as an Octopode Venom Mage on Feb 11, 2021.
             Slain by a kobold
             ... wielding a +0 dagger
              (2 damage)
             ... on level 3 of the Dungeon.
             The game lasted 00:05:03 (2234 turns).

wakim the Stinger (Octopode Venom Mage)             Turns: 2234, Time: 00:05:04

Health: -1/21      AC:  1    Str:  7    XL:     3   Next: 91%
Magic:  5/6        EV: 13    Int: 18    God:
Gold:   165        SH:  0    Dex: 12    Spells: 3/6 levels left

rFire    . . .     SeeInvis .     - Unarmed
rCold    . . .     Faith    .   (no shield)
rNeg     . . .     Spirit   .   (helmet restricted)
rPois    .         Reflect  .   e - amulet of the acrobat
rElec    .         Harm     .   (no ring)
rCorr    .         Rampage  .   (no ring)
Will     .....                  (no ring)
Stlth    +++.......             (no ring)
HPRegen  0.07/turn              (no ring)
MPRegen  0.10/turn              (no ring)
                                (no ring)
                                (no ring)

@: no status effects
A: almost no armour, stealthy swim, amphibious, 8 rings, constrict 8, camouflage
1, gelatinous body 1
a: no special abilities


You were on level 3 of the Dungeon.
You visited 1 branch of the dungeon, and saw 3 of its levels.

You collected 165 gold pieces.

Inventory:

Missiles
 c - 4 boomerangs
Jewellery
 e - an amulet of the acrobat (around mantle)
 k - an amulet of reflection
Scrolls
 b - a scroll of teleportation {unknown}
 f - a scroll of enchant weapon {unknown}
 h - a scroll of magic mapping {unknown}
 l - 2 scrolls of identify {unknown}
Potions
 a - a potion of curing {unknown}
 d - a potion of berserk rage {unknown}
 g - a potion of mutation {unknown}
 i - a potion of invisibility {unknown}
 j - a potion of lignification {unknown}


   Skills:
 - Level 2.0 Dodging
 - Level 2.6 Stealth
 + Level 1.4 Unarmed Combat
 + Level 2.4 Spellcasting
 - Level 1.0 Transmutations
 * Level 4.8 Poison Magic


You had 3 spell levels left.
You knew the following spells:

 Your Spells              Type           Power        Failure   Level
a - Sting                 Tmut/Pois      48%          5%          1
b - Poisonous Vapours     Pois/Air       20%          10%         2

Your spell library contained the following spells:

 Spells                   Type           Power        Failure   Level
 Ignite Poison            Fire/Tmut/Pois 9%           24%         3
 Mephitic Cloud           Conj/Pois/Air  8%           26%         3
 Olgreb's Toxic Radiance  Pois           19%          24%         4


Dungeon Overview and Level Annotations

Branches:
Dungeon (3/15)

Altars:
Okawaru


Innate Abilities, Weirdness & Mutations

You cannot wear most types of armour.
You are very stealthy in the water. (Stealth+)
You are amphibious.
You can wear up to eight rings at the same time.
You can use your tentacles to constrict eight enemies at once.
Your skin changes colour to match your surroundings (Stealth+).
Your rubbery body absorbs attacks. (AC +1, EV +1)


Message History

You tentacle-slap the quokka but do no damage.
The quokka is severely wounded.
You constrict the quokka, but do no damage.
The kobold hits you with a +0 dagger. The quokka barely misses you.
The rat bites you.
You are too injured to fight recklessly!
You release your grip on the quokka.
The rat completely misses you.
Things that are here:
a +0 club; a goblin corpse The quokka completely misses you.
Items here: ! ) ? †††.
You tentacle-slap the quokka.
You kill the quokka!
You closely miss the kobold. You grab the kobold.
You constrict the kobold, but do no damage.
The kobold hits you with a +0 dagger.
* * * LOW HITPOINT WARNING * * *
You tentacle-slap the kobold but do no damage.
You constrict the kobold, but do no damage.
The kobold hits you with a +0 dagger.
* * * LOW HITPOINT WARNING * * *
You tentacle-slap the kobold but do no damage.
You constrict the kobold, but do no damage.
The kobold misses you.
You tentacle-slap the kobold but do no damage.
You constrict the kobold, but do no damage.
The kobold hits you with a +0 dagger.
* * * LOW HITPOINT WARNING * * *
You tentacle-slap the kobold but do no damage.
You constrict the kobold, but do no damage.
The kobold barely misses you.
You barely miss the kobold. You squeeze the kobold.
The kobold is heavily wounded.
You constrict the kobold, but do no damage.
The kobold barely misses you.
You tentacle-slap the kobold but do no damage.
The kobold is heavily wounded.
You constrict the kobold, but do no damage.
The kobold hits you with a +0 dagger.
You die...

############# ##
.......<....# #.
###########.#
.####.###
#.######
........#
#......#
........######
#.####.#
...†....rK..r#
####'####.#
........####K#
#.......#.#
........# #@#
#.⌠...⌠.#.#
........# #.#
###.......#.#
........#
#.###.+...⌠...'.#
........#
#.....#.......###
........#
###.###.⌠...⌠.#
...###### #.#
#.......#
###.######'####
#.....# #..#
#.#.#.# #.##


You could see a kobold and a rat.

Vanquished Creatures
  3 worms
  2 dart slugs (D:1)
  A leopard gecko (D:1)
  2 orcs (D:3)
  3 bats (D:1)
  A giant cockroach (D:1)
  6 goblins
  7 hobgoblins
  2 quokkas
  A frilled lizard (D:1)
  3 kobolds
  5 rats
36 creatures vanquished.

Notes
Turn   | Place    | Note
-------+----------+-------------------------------------------
     0 | D:1      | wakim the Octopode Venom Mage began the quest for the Orb.
     0 | D:1      | Reached XP level 1. HP: 11/11 MP: 3/3
   328 | D:1      | Reached skill level 4 in Poison Magic
   328 | D:1      | Reached XP level 2. HP: 16/17 MP: 3/5
   421 | D:1      | Learned a level 2 spell: Poisonous Vapours
   768 | D:1      | Reached skill level 1 in Unarmed Combat
   989 | D:1      | Reached XP level 3. HP: 20/21 MP: 6/6
  1516 | D:2      | Found an iron altar of Okawaru.
  2231 | D:3      | HP: 1/21 [kobold/+0 dagger (1)]
  2234 | D:3      | Slain by a kobold

Illustrated notes

Levels and vault maps discovered:
D:1:      matt_arrival_refuge, layout_loops_ring, minmay_misc_feat_pillars
D:2:      layout_rooms, nicolae_overflow_crystal_walls
D:3:      layout_loops_ring, chequers_ecumenical_altar_twisty,
          minmay_fountain_box

Skill      XL: |  1  2 |
---------------+-------+-----
Poison Magic   | 4 |  4.8
Unarmed Combat | 1 |  1.4
Dodging        | |  2.0
Stealth        | |  2.6
Spellcasting   | |  2.4
Transmutations | |  1.0

Action                   || total
-------------------------++-------
Melee: Unarmed           ||    75
       Constrict         ||    19
       Tentacles         ||    12
 Cast: Sting             ||    10
       Poisonous Vapours ||    23
 Stab: Sleeping          ||     2
Armor: Skin              ||     6
Dodge: Dodged            ||    52

Table legend: (Time is in decaauts)
 A = Elapsed time spent in this place.
 B = Non-inter-level travel time spent in this place.
 C = Inter-level travel time spent in this place.
 D = Time resting spent in this place.
 E = Time spent auto-exploring this place.
 F = Levels seen in this place.
 G = Mean time per level.
                   A        B        C        D        E       F      G
               +--------+--------+--------+--------+--------+-----+--------+
         Total |   2232 |   2199 |     33 |    731 |   1145 |   3 |  744.0 |
       Dungeon |   2232 |   2199 |     33 |    731 |   1145 |   3 |  744.0 |
               +--------+--------+--------+--------+--------+-----+--------+

Top non-repeatable levels by time:
     D:1: 1416 daAuts
     D:2: 632 daAuts
     D:3: 183 daAuts
